 Dungeon Crawl Stone Soup version 0.20-a0-1006-ge6c5631 (webtiles) character file.

460 FastMan the Chopper (level 6, 0/76 HPs)
             Began as a Demonspawn Berserker on Apr 14, 2017.
             Was a Believer of Trog.
             Slain by porpoise's ghost (2 damage)
             ... on level 5 of the Dungeon.
             The game lasted 00:02:29 (3993 turns).

FastMan the Chopper (Demonspawn Berserker)          Turns: 3993, Time: 00:02:29

Health: 0/76       AC:  9    Str: 23    XL:     6   Next: 78%
Magic:  6/6        EV:  8    Int:  8    God:    Trog [**....]
Gold:   195        SH:  0    Dex: 14    Spells: 5/5 levels left

rFire    + + .     SeeInvis .   a - +0 hand axe
rCold    x . .     Gourm    .   (no shield)
rNeg     . . .     Faith    .   p - +1 chain mail {rF+}
rPois    .         Spirit   .   (no helmet)
rElec    .         Reflect  .   (no cloak)
rCorr    .         Harm     .   (no gloves)
MR       .....                  (no boots)
Stlth    ..........             (no amulet)
Regen    0.3/turn               g - ring of fire
MPRegen  0.1/turn               (no ring)

@: berserking, lethally poisoned (0 -> -19), very quick
A: hooves 1, nightstalker 1
a: Berserk, Trog's Hand, Burn Spellbooks, Renounce Religion


You were on level 5 of the Dungeon.
You worshipped Trog.
Trog was pleased with you.
You were very hungry.

You visited 1 branch of the dungeon, and saw 5 of its levels.

You collected 195 gold pieces.

Inventory:

Hand Weapons
 a - a +0 hand axe (weapon)
Armour
 p - a +1 chain mail of fire resistance (worn)
Jewellery
 g - a ring of fire (left hand)
 j - a cursed ring of loudness {unknown}
Scrolls
 b - a scroll of teleportation {@r3}
 e - 2 scrolls of identify {@r1}
Potions
 h - 2 potions of curing {@q1}
 i - 3 potions of haste {@q3}
 k - a potion of magic {unknown}
 l - a potion of invisibility {unknown}
Comestibles
 c - a bread ration {@e1}
 d - a royal jelly {@e3}
 f - a meat ration {@e2}


   Skills:
 + Level 5.0 Fighting
 * Level 6.0 Axes
 - Level 1.7 Armour
 - Level 1.7 Dodging


You had 5 spell levels left.
You didn't know any spells.

Dungeon Overview and Level Annotations

Branches:
Dungeon (5/15)
 Temple: D:4-7

Altars:
Gozag
Nemelex Xobeh

Annotations:
D:5 porpoise's ghost, novice DrCj


Innate Abilities, Weirdness & Mutations

You have large cloven feet.
You are slightly more attuned to the shadows.


Message History

Porpoise's ghost is heavily damaged.
* * * LOW HITPOINT WARNING * * *
You feel sick. Porpoise's ghost hits you.
* * * LOW HITPOINT WARNING * * *
You slash porpoise's ghost! You kick porpoise's ghost.
Porpoise's ghost is severely damaged.
* * * LOW HITPOINT WARNING * * *
You feel sick.
You closely miss porpoise's ghost. You kick porpoise's ghost.
Porpoise's ghost is severely damaged.
* * * LOW HITPOINT WARNING * * *
You feel sick. Porpoise's ghost casts a spell at you. The magic dart hits you!
* * * LOW HITPOINT WARNING * * *
You closely miss porpoise's ghost.
Porpoise's ghost is severely damaged.
* * * LOW HITPOINT WARNING * * *
You feel sick. Porpoise's ghost hits you.
You die...

...............#
#...
.......#+#######
#...
.......#......
#...
.......#......
#...
.......#......
.....
#......#......
.....
#......'...>..
.....
#......########
#.......@W.....
#..............
#######........
#........
#........
#######.. ..


You could see porpoise's ghost.

Vanquished Creatures
  A phantom (D:5)
  The ghost of FastMan the Shield-Bearer, an amateur FoFi (D:3)
  A centaur (D:4)
  A crimson imp (D:3)
  Terence (D:3)
  A worker ant (D:4)
  7 adders
  4 worms
  2 dart slugs
  3 leopard geckos
  5 orcs
  3 bats
  3 giant cockroaches
  6 goblins
  3 hobgoblins
  2 quokkas
  7 frilled lizards
  5 kobolds
  6 rats
62 creatures vanquished.

Notes
Turn   | Place    | Note
-------+----------+-------------------------------------------
     0 | D:1      | FastMan the Demonspawn Berserker began the quest for the Orb.
     0 | D:1      | Reached XP level 1. HP: 18/18 MP: 1/1
   374 | D:1      | Reached skill level 3 in Axes
   726 | D:1      | Gained mutation: You have large cloven feet. [demonic ancestry]
   726 | D:1      | Reached XP level 2. HP: 23/24 MP: 2/2
   957 | D:2      | Reached XP level 3. HP: 17/29 MP: 3/3
   981 | D:2      | HP: 1/29 [goblin (2)]
  2188 | D:2      | Reached XP level 4. HP: 36/37 MP: 4/4
  2272 | D:2      | Reached skill level 4 in Axes
  2403 | D:3      | Noticed FastMan's ghost (amateur FoFi)
  2505 | D:3      | Killed FastMan's ghost
  2505 | D:3      | Gained mutation: You are slightly more attuned to the shadows. [demonic ancestry]
  2505 | D:3      | Reached XP level 5. HP: 35/42 MP: 5/5
  2510 | D:3      | Reached ** piety under Trog
  2615 | D:3      | Reached skill level 5 in Axes
  2685 | D:3      | Noticed Terence
  2699 | D:3      | Killed Terence
  2999 | D:3      | Reached XP level 6. HP: 44/49 MP: 6/6
  3154 | D:4      | Found a sparkling altar of Nemelex Xobeh.
  3154 | D:4      | Found an opulent altar of Gozag.
  3835 | D:5      | Entered Level 5 of the Dungeon
  3896 | D:5      | Reached skill level 5 in Fighting
  3896 | D:5      | Reached skill level 6 in Axes
  3980 | D:5      | Noticed porpoise's ghost (novice DrCj)
  3993 | D:5      | HP: 2/76 [poisoned by porpoise's ghost]
  3993 | D:5      | Slain by porpoise's ghost

Vault maps used:
D:1:      roderic_crossed_star, st_stairs_8, serial_bayou_pond_a
D:2:      chequers_ecumenical_altar_simple, first_bread, wad_orctagon
D:3:      uniq_terence
D:4:      grunt_temple_overflow_opulence, kennysheep_generic_room_5
D:5:      cheibrodos_iron_armory, grunt_temple_overflow_champion_of_chaos,
          grunt_temple_overflow_open

Skill      XL: |  1  2  3  4  5  6 |
---------------+-------------------+-----
Axes           | 3 4 5 6 |  6.0
Fighting       | 4 5 |  5.0
Armour         | |  1.7
Dodging        | |  1.7

Action                   |  1- 3 |  4- 6 || total
-------------------------+-------+-------++-------
Melee: Hand axe          |   153 |   150 ||   303
       Kick              |    26 |    52 ||    78
Invok: Berserk           |     5 |     5 ||    10
  Use: Scroll            |       |     8 ||     8
  Eat: Chunk             |     8 |    10 ||    18
Armor: Animal skin       |    17 |       ||    17
       Chain mail        |    18 |    65 ||    83
Dodge: Dodged            |    88 |    51 ||   139
